cohdb
Replays
Latest Replays
All Replays
Popular Replays
Top Player Replays
Match Explorer
How It Works
Community
CoH3 Stats
Reddit
Sign in to upload your games and track your stats! →
Sign in with Steam
Match 42746880
Unlisted
Match 42746880
Overview
Messages
Build Orders
End
Construct Section Command Post
Vickers Machine Gun Team
Selects Canadian Shock Battlegroup
Dingo Light Scout Car
Infantry Section
Infantry Section
Selects Offensive Resupply
Selects Canadian Shock Section
Canadian Shock Section
Construct Platoon Command Post
Selects Incendiary Munitions
Grenade Package
CMP 15cwt Truck
Humber Armored Car
6-pounder Anti-tank Gun Team
Unlock M3 Stuart Light Tanks
Royal Engineer Section
M3 Stuart Light Tank
Selects Pyrotechnics
M3 Stuart Light Tank
FR
Brother
0
0
Comments
sign in to comment!
No comments posted yet!